 Dungeon Crawl Stone Soup version 0.30.0-29-ga12c61a403 (webtiles) character file.

Game seed: 3984197070068109155

5514 croobank the Sneak (level 10, -6/81 HPs)
             Began as a Demigod Fire Elementalist on June 19, 2023.
             Killed from afar by a gargoyle (17 damage)
             ... with a stone arrow
             ... on level 9 of the Dungeon.
             The game lasted 00:31:40 (11016 turns).

croobank the Sneak (Demigod Fire Elementalist)     Turns: 11016, Time: 00:31:41

Health: -6/81      AC:  4    Str: 13    XL:     10   Next: 20%
Magic:  2/21       EV: 14    Int: 29    God:
Gold:   17         SH:  0    Dex: 14    Spells: 12/19 levels left

rFire   . . .        l - +4 hand axe of Ashenzari's Wrath {freeze, rPois rC+ rN+ Str+4}
rCold   + . .        (no shield)
rNeg    + . .        d - +0 robe
rPois   +            z - +2 hat
rElec   .            (no cloak)
rCorr   .            (no gloves)
SInv    .            (no boots)
Will    +....        i - amulet of regeneration
Stlth   +++          (no ring)
HPRegen 1.13/turn    (no ring)
MPRegen 0.17/turn

%: no passive effects
@: no status effects
A: high MP 1, forlorn, divine attributes
a: no special abilities


You were on level 9 of the Dungeon.
You visited 1 branch of the dungeon, and saw 9 of its levels.

You collected 517 gold pieces.
You spent 500 gold pieces at shops.

Inventory:

Hand Weapons
 a - a +2 dagger of speed
 b - a +0 arbalest
 f - a +3 dagger
 j - a +2 halberd of protection
 l - the +4 hand axe of Ashenzari's Wrath (weapon) {freeze, rPois rC+ rN+ Str+4}
   (You found it on level 2 of the Dungeon)

   Str:       It affects your strength (+4).
   rC:        It protects you from cold.
   rPois:     It protects you from poison.
   rN:        It protects you from negative energy.
 o - a +0 heavy short sword
 t - a +2 dagger of venom
 J - a +3 trident
 K - a +0 war axe
Missiles
 e - 5 javelins
 p - 5 boomerangs
 q - 18 poisoned darts
 G - a boomerang of dispersal (quivered)
 L - a curare-tipped dart
Armour
 d - a +0 robe (worn)
 g - a +0 kite shield
 z - a +2 hat (worn)
 A - a +0 ring mail
Magical Staves
 m - a staff of air
Jewellery
 i - an amulet of regeneration (around neck)
Wands
 x - a wand of digging (3)
 C - a wand of flame (74)
 M - a wand of light (1)
Scrolls
 c - 4 scrolls of fog
 h - 5 scrolls of identify
 k - 2 scrolls of immolation
 n - 3 scrolls of noise
 u - 7 scrolls of teleportation
 D - a scroll of amnesia
 E - 2 scrolls of silence
 F - a scroll of brand weapon
 O - a scroll of magic mapping
Potions
 r - a potion of attraction
 s - 6 potions of curing
 w - a potion of mutation
 B - a potion of flight
 H - 3 potions of lignification
 I - a potion of magic


   Skills:
 + Level 5.0 Fighting
 + Level 5.4 Dodging
 + Level 6.0 Stealth
 + Level 5.0 Spellcasting
 + Level 5.2 Conjurations
 - Level 3.0 Translocations
 + Level 5.9 Fire Magic
 + Level 3.9 Air Magic
 - Level 3.0 Poison Magic


You had 12 spell levels left.
You knew the following spells:

 Your Spells              Type           Power      Damage    Failure   Level
a - Foxfire               Conj/Fire      100%       2x1d9     1%          1
b - Scorch                Fire           82%        2d8       1%          2
c - Poisonous Vapours     Pois/Air       54%        N/A       2%          2
d - Blink                 Tloc           48%        N/A       2%          2

Your spell library contained the following spells:

 Spells                   Type           Power      Damage    Failure   Level
 Momentum Strike          Conj/Tloc      62%        3d9       1%          2
 Lesser Beckoning         Tloc           48%        N/A       2%          2
 Volatile Blastmotes      Fire/Tloc      66%        2d15      3%          3
 Gell's Gravitas          Tloc           24%        N/A       5%          3
 Inner Flame              Hex/Fire       24%        N/A       5%          3
 Teleport Other           Tloc           24%        N/A       5%          3
 Flame Wave               Conj/Fire      39%        2d11      6%          4
 Sticky Flame             Conj/Fire      39%        2d6       6%          4
 Arcjolt                  Conj/Air       17%        1d27      26%         5
 Dispersal                Tloc           12%        N/A       95%         6
 Storm Form               Tmut/Air       9%         N/A       100%        7
 Chain Lightning          Conj/Air       17%        3d22      100%        9


Dungeon Overview and Level Annotations

Branches:
Dungeon (9/15)             Temple (0/1) D:5            Lair (0/5) D:9
    Orc: D:9-12

Shops:
D:4 *   D:5 *   D:6 =:(   D:9 ?


Innate Abilities, Weirdness & Mutations

You have an increased reservoir of magic. (+10% MP)
You shall have no god before yourself.
Your divine heritage dramatically boosts your attributes as you level up.


Message History

The gargoyle hits you but does no damage.
Casting: Scorch (safe; 1% risk of failure)
Confirm with . or Enter, or press ? or * to list all spells.
Flames lash the gargoyle but do no damage.
The gargoyle hits you but does no damage.
Casting: Scorch (safe; 1% risk of failure)
Confirm with . or Enter, or press ? or * to list all spells.
Flames lash the gargoyle but do no damage.
The gargoyle completely misses you.
Casting: Scorch (safe; 1% risk of failure)
Confirm with . or Enter, or press ? or * to list all spells.
Flames lash the gargoyle but do no damage.
The gargoyle hurls a stone arrow at you.
The stone arrow misses you.
Casting: Scorch (safe; 1% risk of failure)
Confirm with . or Enter, or press ? or * to list all spells.
Flames lash the gargoyle.
The gargoyle is burned terribly!
The gargoyle is heavily damaged.
The gargoyle hits you with a +0 mace!!
Casting: Scorch (safe; 1% risk of failure)
Confirm with . or Enter, or press ? or * to list all spells.
Flames lash the gargoyle but do no damage.
The gargoyle hits you with a +0 mace!!
* * * LOW HITPOINT WARNING * * *
Casting: Scorch (safe; 1% risk of failure)
Confirm with . or Enter, or press ? or * to list all spells.
Flames lash the gargoyle but do no damage.
The gargoyle hits you with a +0 mace!
* * * LOW HITPOINT WARNING * * *
Okay, then.
Okay, then.
Okay, then.
Throw: 2 boomerangs (disperse)
Press: ? - help, Q - select action, (/) - cycle Shift-Dir - straight line, f - gargoyle
Aim: a gargoyle, wielding a +0 mace (heavily damaged, more vulnerable to fire, 75% to hit)
You throw a boomerang of dispersal.
The boomerang of dispersal barely misses the gargoyle.
The gargoyle hurls a stone arrow at you.
The stone arrow hits you!
You die...

#.......... ..........
#.......###########
#.......#.........#
#.......#.........# ...#
#)......'.........# ...#
##.......#...9.....# ##...#
.........###..##9.## .....#
..####.†...'..##@.#####....#
.†...(..#..#..........#....#
.....#..#..#..........#....#
...Y.#.....######.###'#....#
.....#####.... #.##.......#
.....# #.### #..#.......#
.....# #.# #..#.......#
.....# #.. ####.......#
.....# #######.....#


You could see a gargoyle (combustible).

Vanquished Creatures
  A two-headed ogre (D:8)
  2 death yaks (D:9)
  A troll (D:8)
  Grinder (D:3)
  A wyvern (D:5)
  2 water moccasins
  2 black bears
  2 centaurs
  An ogre (D:6)
  A phantom (D:7)
  6 bullfrogs
  3 kobold brigands
  6 scorpions
  A gnoll sergeant (D:8)
  6 wights
  5 howler monkeys
  A jelly (D:6)
  3 hounds
  A gnoll bouda (D:8)
  2 orc priests (D:5)
  A sleepcap (D:6)
  5 iguanas
  11 orc wizards
  15 gnolls
  2 adders
  A river rat (D:9)
  2 shadow imps
  3 white imps
  2 ufetubi
  A worm (D:4)
  4 dart slugs
  24 orcs
  5 endoplasms
  10 goblins
  7 hobgoblins
  4 jackals (D:3)
  7 quokkas
  9 ball pythons
  7 bats
  5 frilled lizards
  19 kobolds
  7 rats
199 creatures vanquished.

Vanquished Creatures (others)
  325 foxfires
325 creatures vanquished.

Grand Total: 524 creatures vanquished

Notes
Turn   | Place    | Note
-------+----------+-------------------------------------------
     0 | D:1      | croobank the Demigod Fire Elementalist began the quest for
                  | the Orb.
     0 | D:1      | Reached XP level 1. HP: 14/14 MP: 5/5
   107 | D:1      | Reached skill level 1 in Conjurations
   245 | D:1      | Reached skill level 2 in Stealth
   301 | D:1      | Reached XP level 2. HP: 18/20 MP: 4/7
   304 | D:1      | Learned a level 2 spell: Scorch
  1310 | D:2      | Reached XP level 3. HP: 27/27 MP: 1/8
  1586 | D:2      | Identified the +4 hand axe of Ashenzari's Wrath {freeze,
                  | rPois rC+ rN+ Str+4}
  1860 | D:2      | Reached skill level 1 in Fighting
  1990 | D:2      | Reached XP level 4. HP: 35/35 MP: 0/10
  2457 | D:3      | Got Vehumet's Excursus on Kinetic Energy
  2874 | D:3      | Noticed Grinder
  2880 | D:3      | Paralysed by Grinder for 4 turns
  2886 | D:3      | Killed Grinder
  2887 | D:3      | Reached skill level 3 in Stealth
  2887 | D:3      | Reached XP level 5. HP: 8/41 MP: 2/11
  3257 | D:4      | Found Velil's General Store.
  3395 | D:4      | Reached XP level 6. HP: 48/48 MP: 9/13
  3574 | D:4      | Bought a potion of curing for 36 gold pieces
  3574 | D:4      | Bought a scroll of teleportation for 36 gold pieces
  4472 | D:5      | Entered Level 5 of the Dungeon
  4626 | D:5      | Found a staircase to the Ecumenical Temple.
  4677 | D:5      | Reached XP level 7. HP: 56/56 MP: 8/14
  4727 | D:5      | Got Sif Muna's Folio of the Nimbus
  4732 | D:5      | Learned a level 2 spell: Poisonous Vapours
  5031 | D:5      | Found Gatut's General Store.
  5049 | D:5      | Reached skill level 4 in Stealth
  5164 | D:5      | Bought a scroll of identify for 20 gold pieces
  5228 | D:5      | Reached skill level 1 in Poison Magic
  5434 | D:5      | Noticed a wyvern
  5441 | D:5      | Killed a wyvern
  5442 | D:5      | Reached skill level 1 in Air Magic
  5548 | D:5      | Reached XP level 8. HP: 63/63 MP: 1/16
  5845 | D:6      | Found Dyozxoy's Jewellery Boutique.
  6246 | D:6      | You fall into a shaft and drop 1 floor!
  6496 | D:6      | Found Unadghet's Antique Weapon Emporium.
  6599 | D:6      | Found Bevuvui's Book Shoppe.
  6611 | D:6      | Bought a book of Spatial Translocations for 198 gold pieces
  6614 | D:6      | Learned a level 2 spell: Blink
  7378 | D:7      | Reached skill level 1 in Translocations
  8058 | D:7      | Reached XP level 9. HP: 71/71 MP: 11/18
  8202 | D:6      | Reached skill level 5 in Fire Magic
  8449 | D:7      | Reached skill level 5 in Stealth
  9145 | D:8      | Noticed a two-headed ogre
  9154 | D:8      | Killed a two-headed ogre
  9835 | D:8      | Reached skill level 5 in Dodging
 10518 | D:9      | Found Jaq Enyo's Magic Scroll Shop.
 10533 | D:9      | Reached skill level 5 in Conjurations
 10682 | D:9      | Bought a scroll of blinking for 105 gold pieces
 10682 | D:9      | Bought a scroll of magic mapping for 105 gold pieces
 10725 | D:9      | Noticed a death yak
 10736 | D:9      | Killed a death yak
 10737 | D:9      | Reached XP level 10. HP: 24/80 MP: 6/21
 10830 | D:9      | Found a staircase to the Lair.
 10835 | D:9      | Noticed a death yak
 10837 | D:9      | Noticed a death yak
 10855 | D:9      | Killed a death yak
 10856 | D:9      | Reached skill level 5 in Fighting
 10856 | D:9      | Reached skill level 6 in Stealth
 10856 | D:9      | Reached skill level 5 in Spellcasting
 11016 | D:9      | Killed from afar by a gargoyle

Illustrated notes

Levels and vault maps discovered:
D:1:      dpeg_arrival_prison, layout_basic
D:2:      minmay_door_path, layout_rooms, serial_glass, glass_columns_a,
          glass_columns_b
D:3:      layout_loops_ring, uniq_grinder
D:4:      cheibrodos_thug_alley, layout_basic, serial_shops, shop
D:5:      layout_rooms, temple_statues, serial_shops, shop
D:6:      layout_basic, lemuel_blue_sif_altar, serial_shops, shop,
          nicolae_shop_competitors_out_of_business, shop
D:7:      layout_gridville, mainiacjoe_overflow_surrounded_room
D:8:      minmay_bubble_buster, layout_loops_corners,
          grunt_dithmenos_smoke_and_mirrors, kiku_gazebo_pond_becter
D:9:      layout_stronghold, nzn_wu_jian_contemplation, dpeg_lair_monsters,
          minmay_holes, nicolae_stop_n_shop_1, uniq_maurice, uniq_grum

Skill      XL: |  1  2  3  4  5  6  7  8  9 10 |
---------------+-------------------------------+-----
Conjurations   | 1 2 3 4 5 |  5.2
Stealth        | 2 3 4 5 6 |  6.0
Dodging        | 2 3 4 5 |  5.4
Spellcasting   | 2 3 4 5 |  5.0
Fighting       | 1 2 3 4 5 |  5.0
Fire Magic     | 3 4 5 |  5.9
Poison Magic   | 1 3 |  3.0
Air Magic      | 1 2 3 |  3.9
Translocations | 2 3 |  3.0

Action                     |  1- 3 |  4- 6 |  7- 9 | 10-12 || total
---------------------------+-------+-------+-------+-------++-------
  Melee: Short sword       |     3 |       |       |       ||     3
         Dagger            |     4 |       |    34 |       ||    38
         Hand axe          |    23 |    44 |    81 |     3 ||   151
         Punch             |       |       |     1 |       ||     1
  Throw: Throwing net      |       |       |     5 |     2 ||     7
         Boomerang         |       |       |       |     1 ||     1
   Cast: Foxfire           |    47 |    61 |    74 |     3 ||   185
         Scorch            |     9 |    25 |   104 |    20 ||   158
         Poisonous Vapours |       |       |    84 |     2 ||    86
  Evoke: Wand              |       |       |       |     1 ||     1
    Use: Scroll            |       |    12 |     7 |     2 ||    21
         Potion            |       |       |     3 |       ||     3
   Stab: Sleeping          |     4 |     1 |     1 |       ||     6
         Held in net/web   |       |       |     1 |       ||     1
 Armour: Robe              |     5 |     8 |    42 |     2 ||    57
  Dodge: Dodged            |    23 |    41 |   113 |     8 ||   185
